Little Stars vs Admirals
Created - March 29, 2024 at 20:01
Goals
|
| Little Stars |
2 |
0 |
0 |
2 |
| Admirals |
2 |
1 |
0 |
3 |
|
Shots
|
| Little Stars |
17 |
9 |
6 |
32 |
| Admirals |
9 |
12 |
7 |
28 |
|
1st period
1. Admirals , Barrett Hayton 5 (Milos Kelemen 4) at 9:50
2. Little Stars , Collin Miller 2 (Matt Luff 31) at 18:53 (PP)
3. Admirals , Mark McNeill 36 (Kasper Bjorkqvist 31, T.J Brodie 34) at 19:26
4. Little Stars , Ilya Mikheyev 30 (Joakim Nygard 43, Daniel O'regan 67) at 19:34
Penalties :
Mark McNeill (Mil) for Hooking (Minor) at 18:07
2nd period
5. Admirals , Hunter Shinkaruk 40 (Josh Norris 39) at 13:34
Penalties :
Reece Willcox (Tex) for Tripping (Minor) at 5:33, Pavol Regenda (Mil) for Roughing (Minor) at 17:13
3rd period
No Goal
Penalties :
Jason Dickinson (Tex) for Holding (Minor) at 1:51, Reece Willcox (Tex) for Interference (Minor) at 19:15
Goalie Stats
Michael Houser (Tex), 25 saves from 28 shots - (0.893), L, 27-16-4, 59:35 minutes
Felix Sanstrom (Mil), 30 saves from 32 shots - (0.938), W, 16-9-5, 60:00 minutes
Players Stats for Little Stars
Player Name G A P +/- PIM S H SB GA TA FO MP PP MP PK MP
------------------------------------------------------------------------------------
Cal Burke 0 0 0 0 0 0 1 0 0 0 0/0 8:01 0:00 0:00
Collin Miller 1 0 1 -1 0 5 4 2 2 1 0/0 27:26 1:33 3:13
Connor Mackey 0 0 0 -1 0 1 1 1 0 0 0/0 13:34 0:00 0:09
Daniel O'regan 0 1 1 1 0 6 7 1 0 0 16/35 22:50 1:34 2:46
Emile Poirier 0 0 0 0 0 3 1 1 1 0 0/2 14:04 0:00 1:13
Filip Chytil 0 0 0 0 0 0 0 0 1 0 0/1 9:13 0:00 0:48
Ilya Mikheyev 1 0 1 1 0 2 4 0 2 0 0/1 19:55 1:34 0:00
Jason Dickinson 0 0 0 -3 2 4 3 0 0 0 2/9 16:02 1:11 0:42
Joakim Nygard 0 1 1 1 0 2 1 0 2 0 1/1 22:51 1:34 2:24
Jonathan Dahlen 0 0 0 0 0 2 2 0 1 1 0/0 4:44 0:00 0:00
Justin Auger 0 0 0 0 0 0 1 0 0 0 0/1 11:43 0:00 0:00
Matt Luff 0 1 1 -3 0 1 1 0 0 0 0/0 15:53 1:11 0:00
Radel Fazleev 0 0 0 0 0 3 1 0 0 0 4/7 11:43 0:00 0:00
Reece Willcox 0 0 0 -1 4 1 2 4 2 0 0/0 25:34 1:33 1:08
Samuel Girard 0 0 0 0 0 0 0 2 1 1 0/0 20:20 1:12 2:37
Shane Gersich 0 0 0 -3 0 0 1 0 1 0 0/0 17:57 1:11 1:31
Tucker Poolman 0 0 0 0 0 2 0 1 0 1 0/0 19:03 1:12 1:20
Ville Pokka 0 0 0 -1 0 0 0 2 0 0 0/0 14:22 0:00 0:57
Players Stats for Admirals
Player Name G A P +/- PIM S H SB GA TA FO MP PP MP PK MP
------------------------------------------------------------------------------------
Anton Gustafsson 0 0 0 0 0 1 3 1 2 1 6/8 19:37 2:04 0:35
Barrett Hayton 1 0 1 1 0 2 3 0 0 0 1/2 9:53 0:10 0:00
Christian Djoos 0 0 0 0 0 0 0 0 0 0 0/0 10:13 0:47 0:00
Gerald Mayhew 0 0 0 0 0 1 0 0 0 0 0/0 11:18 0:10 0:00
Hunter Shinkaruk 1 0 1 1 0 6 5 0 0 1 1/4 21:24 2:28 1:35
Ian Mitchell 0 0 0 -1 0 0 2 2 1 1 0/0 21:23 1:42 0:00
Josh Norris 0 1 1 1 0 2 1 0 0 1 11/25 19:47 2:28 0:14
Kasper Bjorkqvist 0 1 1 0 0 1 0 0 0 0 0/0 17:08 2:04 0:00
Lucas Wallmark 0 0 0 0 0 0 1 1 1 1 10/12 13:42 0:00 1:47
Mark McNeill 1 0 1 1 2 5 1 0 0 1 3/3 21:26 2:28 1:01
Mattias Backman 0 0 0 0 0 0 0 0 0 1 0/0 11:37 0:00 1:55
Milos Kelemen 0 1 1 1 0 1 1 0 0 0 0/1 9:29 0:00 0:00
Nolan Vesey 0 0 0 0 0 2 1 0 0 0 1/1 11:02 0:00 0:18
Olli Juolevi 0 0 0 2 0 1 0 1 0 1 0/0 17:25 2:23 0:50
Pavol Regenda 0 0 0 0 2 1 0 0 0 1 1/1 16:55 2:04 0:00
Reilly Walsh 0 0 0 -1 0 2 1 3 0 0 0/0 23:32 1:42 1:55
Riley Barber 0 0 0 1 0 0 0 0 0 1 0/0 5:08 0:00 0:00
Sean Durzi 0 0 0 1 0 0 0 0 0 1 0/0 9:35 0:37 0:00
Sergei Zborovskiy 0 0 0 1 0 1 0 2 0 0 0/0 8:58 0:00 0:00
T.J Brodie 0 1 1 2 0 2 0 1 0 2 0/0 17:41 2:23 0:50
3 Stars
1 - Hunter Shinkaruk (Mil)
2 - Barrett Hayton (Mil)
3 - Ilya Mikheyev (Tex)
Power Play
Little Stars - 1 on 2 Attempt(s) - 50.00%
Admirals - 0 on 3 Attempt(s) - 0.00%
Penalty Kill
Little Stars - 3 on 3 Attempt(s) - 100.00%
- Score 0 goal in Penalty Kill
Admirals - 1 on 2 Attempt(s) - 50.00%
- Score 0 goal in Penalty Kill
Team Stat
Little Stars - Hits : 30 - Faceoff Wins : 23 - Blocked Shots : 14 - Penalty Minutes : 6
Admirals - Hits : 19 - Faceoff Wins : 34 - Blocked Shots : 11 - Penalty Minutes : 4
Official
Referees : Graham Skilliter and Chris Rooney
Linesman : Derek Amell and Shandor Alphonso
Game Notes
Riley Barber is injured at 10:24 of 2nd period (Strained Right Elbow)
Jonathan Dahlen is injured at 19:54 of 2nd period (Bruised Left Shoulder)
Finance
Level 1 -- Attendance: 1968 (98.40%) -- Ticket Income $137,760
Level 2 -- Attendance: 893 (89.30%) -- Ticket Income $35,720
Total Attendance: 2861 (95.37%)
Total Ticket Income: $173,480
Other Income: $8,674
Total Income: $182,154
Little Stars
5 vs 5 Forward
Center Left Wing Right Wing Time % Phy DF OF
1 Daniel O'regan Joakim Nygard Ilya Mikheyev 40 1 2 2
2 Jason Dickinson Shane Gersich Matt Luff 30 1 2 2
3 Radel Fazleev Emile Poirier Justin Auger 20 1 2 2
4 Filip Chytil Jonathan Dahlen Cal Burke 10 1 2 2
5 vs 5 Defense
Defense Defense Time % Phy DF OF
1 Collin Miller Reece Willcox 40 1 2 2
2 Tucker Poolman Samuel Girard 30 1 2 2
3 Ville Pokka Connor Mackey 20 1 2 2
4 Collin Miller Reece Willcox 10 1 2 2
PowerPlay Forward
Center Left Wing Right Wing Time % Phy DF OF
1 Daniel O'regan Joakim Nygard Ilya Mikheyev 60 1 2 2
2 Jason Dickinson Shane Gersich Matt Luff 40 1 2 2
PowerPlay Defense
Defense Defense Time % Phy DF OF
1 Collin Miller Reece Willcox 60 1 2 2
2 Tucker Poolman Samuel Girard 40 1 2 2
Penalty Kill 4 Players Forward
Center Wing Time % Phy DF OF
1 Daniel O'regan Joakim Nygard 60 1 2 2
2 Jason Dickinson Shane Gersich 40 1 2 2
Penalty Kill 4 Players Defense
Defense Defense Time % Phy DF OF
1 Collin Miller Reece Willcox 60 1 2 2
2 Tucker Poolman Samuel Girard 40 1 2 2
Penalty Kill - 3 Players Forward
Forward Time % Phy DF OF
1 Daniel O'regan 60 1 2 2
2 Jason Dickinson 40 1 2 2
Penalty Kill - 3 Players Defense
Defense Defense Time % Phy DF OF
1 Collin Miller Reece Willcox 60 1 2 2
2 Tucker Poolman Samuel Girard 40 1 2 2
4 vs 4 Forward
Center Wing Time % Phy DF OF
1 Daniel O'regan Joakim Nygard 60 1 2 2
2 Jason Dickinson Shane Gersich 40 1 2 2
4 vs 4 Defense
Defense Defense Time % Phy DF OF
1 Collin Miller Reece Willcox 60 1 2 2
2 Tucker Poolman Samuel Girard 40 1 2 2
Last Minutes Offensive
Center Left Wing Right Wing Defense Defense
Daniel O'regan Joakim Nygard Ilya Mikheyev Collin Miller Reece Willcox
Last Minutes Defensive
Center Left Wing Right Wing Defense Defense
Daniel O'regan Joakim Nygard Ilya Mikheyev Collin Miller Reece Willcox
Goaltenders
Starting : Michael Houser
Backup : Danil Tarasov
Extra Forwards
Normal : Shane Gersich, Matt Luff, Emile Poirier - PP : Shane Gersich, Matt Luff - PK : Shane Gersich
Extra Defensemen
Normal : Samuel Girard, Ville Pokka, Connor Mackey - PP : Samuel Girard - PK : Samuel Girard, Ville Pokka
Penalty Shots
Ilya Mikheyev, Daniel O'regan, Joakim Nygard, Jason Dickinson, Shane Gersich
Custom OT Lines Forwards
Ilya Mikheyev, Daniel O'regan, Joakim Nygard, Jason Dickinson, Shane Gersich, Matt Luff, Emile Poirier, Justin Auger, Radel Fazleev, Jonathan Dahlen
Custom OT Lines Defensemen
Collin Miller, Reece Willcox, Tucker Poolman, Samuel Girard, Ville Pokka
Scratches
Jack McBain (Healthy), Jean-Christophe Beaudin (Healthy), Lawrence Pilut (Healthy), Rudolfs Balcers (Healthy), Yakov Trenin (Healthy)
Joey Anderson (Healthy), Givani Smith (Healthy), Blade Jenkins (Healthy), Bulat Shafigullin (Healthy), Michael Giugovaz (Healthy)
Admirals
5 vs 5 Forward
Center Left Wing Right Wing Time % Phy DF OF
1 Josh Norris Hunter Shinkaruk Mark McNeill 40 1 2 2
2 Anton Gustafsson Pavol Regenda Kasper Bjorkqvist 30 1 2 2
3 Lucas Wallmark Nolan Vesey Gerald Mayhew 20 2 2 1
4 Barrett Hayton Milos Kelemen Riley Barber 10 1 2 2
5 vs 5 Defense
Defense Defense Time % Phy DF OF
1 Reilly Walsh Ian Mitchell 40 1 2 2
2 T.J Brodie Olli Juolevi 30 1 2 2
3 Christian Djoos Mattias Backman 20 1 2 2
4 Sergei Zborovskiy Sean Durzi 10 1 2 2
PowerPlay Forward
Center Left Wing Right Wing Time % Phy DF OF
1 Josh Norris Hunter Shinkaruk Mark McNeill 60 1 2 2
2 Anton Gustafsson Pavol Regenda Kasper Bjorkqvist 40 1 1 3
PowerPlay Defense
Defense Defense Time % Phy DF OF
1 Reilly Walsh Ian Mitchell 60 1 1 3
2 T.J Brodie Olli Juolevi 40 1 1 3
Penalty Kill 4 Players Forward
Center Wing Time % Phy DF OF
1 Lucas Wallmark Mark McNeill 60 1 3 1
2 Anton Gustafsson Riley Barber 40 1 3 1
Penalty Kill 4 Players Defense
Defense Defense Time % Phy DF OF
1 Reilly Walsh Mattias Backman 60 1 3 1
2 T.J Brodie Olli Juolevi 40 1 3 1
Penalty Kill - 3 Players Forward
Forward Time % Phy DF OF
1 Mark McNeill 60 1 3 1
2 Lucas Wallmark 40 1 3 1
Penalty Kill - 3 Players Defense
Defense Defense Time % Phy DF OF
1 Reilly Walsh Mattias Backman 60 1 2 2
2 T.J Brodie Olli Juolevi 40 1 2 2
4 vs 4 Forward
Center Wing Time % Phy DF OF
1 Anton Gustafsson Mark McNeill 60 1 2 2
2 Lucas Wallmark Hunter Shinkaruk 40 1 2 2
4 vs 4 Defense
Defense Defense Time % Phy DF OF
1 Reilly Walsh Ian Mitchell 60 1 2 2
2 T.J Brodie Olli Juolevi 40 1 2 2
Last Minutes Offensive
Center Left Wing Right Wing Defense Defense
Anton Gustafsson Hunter Shinkaruk Mark McNeill T.J Brodie Mattias Backman
Last Minutes Defensive
Center Left Wing Right Wing Defense Defense
Anton Gustafsson Hunter Shinkaruk Mark McNeill T.J Brodie Mattias Backman
Goaltenders
Starting : Felix Sanstrom
Backup : Tristan Jarry
Extra Forwards
Normal : Anton Gustafsson, Lucas Wallmark, Gerald Mayhew - PP : Gerald Mayhew, Barrett Hayton - PK : Hunter Shinkaruk
Extra Defensemen
Normal : Mattias Backman, Ian Mitchell, Sean Durzi - PP : Reilly Walsh - PK : Christian Djoos, Ian Mitchell
Penalty Shots
Hunter Shinkaruk, Josh Norris, Gerald Mayhew, Anton Gustafsson, Mark McNeill
Custom OT Lines Forwards
Anton Gustafsson, Mark McNeill, Josh Norris, Hunter Shinkaruk, Gerald Mayhew, Kasper Bjorkqvist, Milos Kelemen, Lucas Wallmark, Pavol Regenda, Barrett Hayton
Custom OT Lines Defensemen
T.J Brodie, Mattias Backman, Christian Djoos, Olli Juolevi, Reilly Walsh
Scratches
Bokondji Imama (Healthy), Carl Dahlstrom (Healthy), Joni Ikonen (Healthy), Ruslan Iskhakov (Healthy), Filip Chlapik (Healthy)
Josh Wesley (Healthy), Grant Hutton (Healthy), Kristian Vesalainen (Healthy), Ryan Olsen (Healthy), Troy Bourke (Healthy)
Carsen Twarynski (Healthy), Drew O'Connor (Healthy), Libor Hajek (Healthy), Linus Ullmark (Healthy)
% Time on Ice - Little Stars
Lines # - Real PCT - Wanted PCT - Time Play
Normal Forward
1 - 35% - 40% - 18:01
2 - 27% - 30% - 14:19
3 - 23% - 20% - 11:43
4 - 15% - 10% - 8:01
Normal Defense
1 - 38% - 40% - 19:52
2 - 31% - 30% - 16:18
3 - 26% - 20% - 13:25
4 - 5% - 10% - 2:29
PP Forward
1 - 57% - 60% - 1:34
2 - 43% - 40% - 1:11
PP Defense
1 - 56% - 60% - 1:33
2 - 44% - 40% - 1:12
PK Forward
1 - 77% - 60% - 3:37
2 - 23% - 40% - 1:05
PK Defense
1 - 72% - 60% - 3:22
2 - 28% - 40% - 1:20
PK3 Forward
1 - 0% - 60%
2 - 0% - 40%
PK3 Defense
1 - 0% - 60%
2 - 0% - 40%
44 Forward
1 - 0% - 60%
2 - 0% - 40%
44 Defense
1 - 0% - 60%
2 - 0% - 40%
Last Minute Offensive - 0:29
Last Minute Defensive - 0:00
Total
Forward - 60:00
Defense - 60:00
|
% Time on Ice - Admirals
Lines # - Real PCT - Wanted PCT - Time Play
Normal Forward
1 - 33% - 40% - 17:19
2 - 29% - 30% - 14:59
3 - 20% - 20% - 10:30
4 - 18% - 10% - 9:29
Normal Defense
1 - 38% - 40% - 19:55
2 - 27% - 30% - 14:12
3 - 18% - 20% - 9:12
4 - 17% - 10% - 8:58
PP Forward
1 - 56% - 60% - 2:38
2 - 44% - 40% - 2:04
PP Defense
1 - 49% - 60% - 2:19
2 - 51% - 40% - 2:23
PK Forward
1 - 79% - 60% - 2:10
2 - 21% - 40% - 0:35
PK Defense
1 - 70% - 60% - 1:55
2 - 30% - 40% - 0:50
PK3 Forward
1 - 0% - 60%
2 - 0% - 40%
PK3 Defense
1 - 0% - 60%
2 - 0% - 40%
44 Forward
1 - 0% - 60%
2 - 0% - 40%
44 Defense
1 - 0% - 60%
2 - 0% - 40%
Last Minute Offensive - 0:00
Last Minute Defensive - 0:16
Total
Forward - 60:00
Defense - 60:00
|
Play-by-Play
1st period
0:01 of 1st period - Daniel O'regan wins face-off versus Josh Norris in neutral zone.
0:09 of 1st period - Icing by Mark McNeill.
0:10 of 1st period - Daniel O'regan wins face-off versus Josh Norris in Admirals zone.
0:11 of 1st period - Slapshot by Joakim Nygard.
0:11 of 1st period - Stopped by Felix Sanstrom with a rebound.
0:15 of 1st period - Snap shot by Daniel O'regan.
0:15 of 1st period - Stopped by Felix Sanstrom with a rebound.
0:25 of 1st period - Wrist shot by Daniel O'regan.
0:25 of 1st period - Stopped by Felix Sanstrom without a rebound.
0:26 of 1st period - Anton Gustafsson wins face-off versus Jason Dickinson in Admirals zone.
0:55 of 1st period - Snap shot by Emile Poirier.
0:55 of 1st period - Stopped by Felix Sanstrom with a rebound.
1:01 of 1st period - Snap shot by Gerald Mayhew.
1:01 of 1st period - Shot Misses the Net.
1:37 of 1st period - Slapshot by Daniel O'regan.
1:37 of 1st period - Stopped by Felix Sanstrom with a rebound.
2:34 of 1st period - Tucker Poolman is hit by Hunter Shinkaruk and loses puck.
3:01 of 1st period - Sergei Zborovskiy is hit by Daniel O'regan and loses puck.
3:40 of 1st period - Snap shot by Hunter Shinkaruk.
3:40 of 1st period - Stopped by Michael Houser without a rebound.
3:41 of 1st period - Josh Norris wins face-off versus Daniel O'regan in Little Stars zone.
3:44 of 1st period - Slapshot by Hunter Shinkaruk.
3:44 of 1st period - Shot Misses the Net.
3:46 of 1st period - Wrist shot by Mark McNeill.
3:46 of 1st period - Shot Blocked by Connor Mackey.
3:48 of 1st period - Slapshot by Hunter Shinkaruk.
3:48 of 1st period - Deflect By Mark McNeill.
3:48 of 1st period - Shot Hit the Post.
3:48 of 1st period - Puck is out of play.
3:49 of 1st period - Daniel O'regan wins face-off versus Josh Norris in Little Stars zone.
3:54 of 1st period - Hunter Shinkaruk is hit by Daniel O'regan and loses puck.
5:29 of 1st period - Snap shot by Joakim Nygard.
5:29 of 1st period - Stopped by Felix Sanstrom with a rebound.
6:43 of 1st period - Off-side.
6:44 of 1st period - Josh Norris wins face-off versus Daniel O'regan in neutral zone.
6:49 of 1st period - Snap shot by Hunter Shinkaruk.
6:49 of 1st period - Shot Blocked by Collin Miller.
7:36 of 1st period - Snap shot by Radel Fazleev.
7:36 of 1st period - Stopped by Felix Sanstrom with a rebound.
7:38 of 1st period - Slapshot by Tucker Poolman.
7:38 of 1st period - Stopped by Felix Sanstrom without a rebound.
7:39 of 1st period - Radel Fazleev wins face-off versus Josh Norris in Admirals zone.
7:42 of 1st period - Slapshot by Emile Poirier.
7:42 of 1st period - Stopped by Felix Sanstrom without a rebound.
7:43 of 1st period - Josh Norris wins face-off versus Daniel O'regan in Admirals zone.
7:52 of 1st period - Wrist shot by Hunter Shinkaruk.
7:52 of 1st period - Stopped by Michael Houser without a rebound.
7:53 of 1st period - Daniel O'regan wins face-off versus Hunter Shinkaruk in Little Stars zone.
8:05 of 1st period - Snap shot by Josh Norris.
8:05 of 1st period - Stopped by Michael Houser with a rebound.
8:47 of 1st period - Collin Miller is hit by Reilly Walsh and loses puck.
9:00 of 1st period - Olli Juolevi is hit by Reece Willcox and loses puck.
9:50 of 1st period - Slapshot by Barrett Hayton.
9:50 of 1st period - Goal by Barrett Hayton - Little Stars : 0 - Admirals : 1.
9:51 of 1st period - Daniel O'regan wins face-off versus Josh Norris in neutral zone.
9:54 of 1st period - Josh Norris is hit by Reece Willcox and loses puck.
10:13 of 1st period - Icing by Mark McNeill.
10:14 of 1st period - Anton Gustafsson wins face-off versus Jason Dickinson in Admirals zone.
11:27 of 1st period - T.J Brodie is hit by Collin Miller and loses puck.
11:50 of 1st period - Slapshot by Jason Dickinson.
11:50 of 1st period - Shot Blocked by Olli Juolevi.
11:52 of 1st period - Snap shot by Matt Luff.
11:52 of 1st period - Shot Misses the Net.
12:02 of 1st period - T.J Brodie is hit by Collin Miller.
12:12 of 1st period - Wrist shot by Ilya Mikheyev.
12:12 of 1st period - Shot Blocked by Reilly Walsh.
12:22 of 1st period - Anton Gustafsson is hit by Connor Mackey and loses puck.
12:49 of 1st period - Snap shot by Mark McNeill.
12:49 of 1st period - Stopped by Michael Houser with a rebound.
12:51 of 1st period - Slapshot by Reilly Walsh.
12:51 of 1st period - Shot Misses the Net.
13:01 of 1st period - Slapshot by Riley Barber.
13:01 of 1st period - Deflect By Milos Kelemen.
13:01 of 1st period - Stopped by Michael Houser without a rebound.
13:02 of 1st period - Daniel O'regan wins face-off versus Milos Kelemen in Little Stars zone.
13:02 of 1st period - Daniel O'regan is hit by Barrett Hayton.
13:45 of 1st period - Sergei Zborovskiy is hit by Collin Miller and loses puck.
14:14 of 1st period - Collin Miller is hit by Hunter Shinkaruk and loses puck.
14:39 of 1st period - Wrist shot by Jason Dickinson.
14:39 of 1st period - Shot Misses the Net.
14:41 of 1st period - Snap shot by Collin Miller.
14:41 of 1st period - Stopped by Felix Sanstrom with a rebound.
14:43 of 1st period - Snap shot by Jason Dickinson.
14:43 of 1st period - Stopped by Felix Sanstrom with a rebound.
14:45 of 1st period - Wrist shot by Collin Miller.
14:45 of 1st period - Stopped by Felix Sanstrom without a rebound.
14:46 of 1st period - Lucas Wallmark wins face-off versus Daniel O'regan in Admirals zone.
14:51 of 1st period - Wrist shot by Gerald Mayhew.
14:51 of 1st period - Stopped by Michael Houser without a rebound.
14:52 of 1st period - Lucas Wallmark wins face-off versus Daniel O'regan in Little Stars zone.
14:56 of 1st period - Icing by Ilya Mikheyev.
14:57 of 1st period - Nolan Vesey wins face-off versus Daniel O'regan in Little Stars zone.
15:12 of 1st period - Snap shot by Daniel O'regan.
15:12 of 1st period - Shot Blocked by Ian Mitchell.
15:14 of 1st period - Snap shot by Joakim Nygard.
15:14 of 1st period - Shot Blocked by Reilly Walsh.
15:16 of 1st period - Snap shot by Daniel O'regan.
15:16 of 1st period - Shot Blocked by Reilly Walsh.
16:01 of 1st period - Backhand shot by Joakim Nygard.
16:01 of 1st period - Shot Misses the Net.
16:03 of 1st period - Snap shot by Joakim Nygard.
16:03 of 1st period - Shot Blocked by Ian Mitchell.
16:05 of 1st period - Slapshot by Ilya Mikheyev.
16:05 of 1st period - Deflect By Joakim Nygard.
16:05 of 1st period - Shot Misses the Net.
16:05 of 1st period - Puck is out of play.
16:06 of 1st period - Radel Fazleev wins face-off versus Hunter Shinkaruk in Admirals zone.
16:07 of 1st period - Snap shot by Emile Poirier.
16:07 of 1st period - Stopped by Felix Sanstrom without a rebound.
16:08 of 1st period - Josh Norris wins face-off versus Emile Poirier in Admirals zone.
16:59 of 1st period - Snap shot by Jonathan Dahlen.
16:59 of 1st period - Stopped by Felix Sanstrom without a rebound.
17:00 of 1st period - Mark McNeill wins face-off versus Radel Fazleev in Admirals zone.
17:15 of 1st period - Snap shot by Hunter Shinkaruk.
17:15 of 1st period - Shot Misses the Net.
17:25 of 1st period - Anton Gustafsson is hit by Daniel O'regan.
17:57 of 1st period - Wrist shot by Jason Dickinson.
17:57 of 1st period - Stopped by Felix Sanstrom without a rebound.
17:58 of 1st period - Josh Norris wins face-off versus Radel Fazleev in Admirals zone.
18:07 of 1st period - Minor Penalty to Mark McNeill for Hooking.
18:08 of 1st period - Lucas Wallmark wins face-off versus Daniel O'regan in Admirals zone.
18:19 of 1st period - Off-side.
18:20 of 1st period - Lucas Wallmark wins face-off versus Daniel O'regan in neutral zone.
18:53 of 1st period - Slapshot by Collin Miller.
18:53 of 1st period - Goal by Collin Miller - Little Stars : 1 - Admirals : 1.
18:54 of 1st period - Anton Gustafsson wins face-off versus Daniel O'regan in neutral zone.
18:57 of 1st period - Snap shot by Anton Gustafsson.
18:57 of 1st period - Shot Blocked by Reece Willcox.
19:09 of 1st period - Wrist shot by Anton Gustafsson.
19:09 of 1st period - Deflect By Pavol Regenda.
19:09 of 1st period - Stopped by Michael Houser with a rebound.
19:15 of 1st period - Olli Juolevi is hit by Ilya Mikheyev and loses puck.
19:26 of 1st period - Snap shot by Kasper Bjorkqvist.
19:26 of 1st period - Deflect By Mark McNeill.
19:26 of 1st period - Goal by Mark McNeill - Little Stars : 1 - Admirals : 2.
19:27 of 1st period - Joakim Nygard wins face-off versus Josh Norris in neutral zone.
19:34 of 1st period - Snap shot by Ilya Mikheyev.
19:34 of 1st period - Goal by Ilya Mikheyev - Little Stars : 2 - Admirals : 2.
19:35 of 1st period - Daniel O'regan wins face-off versus Josh Norris in neutral zone.
Goals for this period are 2 for Little Stars vs 2 for Admirals.
Shots for this period are 17 for Little Stars vs 9 for Admirals.
2nd period
0:01 of 2nd period - Daniel O'regan wins face-off versus Josh Norris in neutral zone.
0:10 of 2nd period - Wrist shot by Daniel O'regan.
0:10 of 2nd period - Shot Misses the Net.
0:12 of 2nd period - Backhand shot by Collin Miller.
0:12 of 2nd period - Stopped by Felix Sanstrom with a rebound.
0:14 of 2nd period - Slapshot by Collin Miller.
0:14 of 2nd period - Stopped by Felix Sanstrom with a rebound.
0:35 of 2nd period - Snap shot by Mark McNeill.
0:35 of 2nd period - Shot Misses the Net.
0:37 of 2nd period - Slapshot by Reilly Walsh.
0:37 of 2nd period - Deflect By Collin Miller.
0:37 of 2nd period - Stopped by Michael Houser with a rebound.
0:39 of 2nd period - Slapshot by Ian Mitchell.
0:39 of 2nd period - Shot Blocked by Emile Poirier.
0:45 of 2nd period - Slapshot by Mark McNeill.
0:45 of 2nd period - Shot Misses the Net.
0:49 of 2nd period - Snap shot by Hunter Shinkaruk.
0:49 of 2nd period - Deflect By Mark McNeill.
0:49 of 2nd period - Stopped by Michael Houser without a rebound.
0:50 of 2nd period - Jason Dickinson wins face-off versus Anton Gustafsson in Little Stars zone.
0:50 of 2nd period - Jason Dickinson is hit by Anton Gustafsson.
1:21 of 2nd period - Off-side.
1:22 of 2nd period - Lucas Wallmark wins face-off versus Ilya Mikheyev in neutral zone.
1:25 of 2nd period - Snap shot by Nolan Vesey.
1:25 of 2nd period - Stopped by Michael Houser without a rebound.
1:26 of 2nd period - Lucas Wallmark wins face-off versus Daniel O'regan in Little Stars zone.
1:27 of 2nd period - Snap shot by Nolan Vesey.
1:27 of 2nd period - Shot Misses the Net.
2:35 of 2nd period - Snap shot by Reece Willcox.
2:35 of 2nd period - Stopped by Felix Sanstrom with a rebound.
2:37 of 2nd period - Slapshot by Collin Miller.
2:37 of 2nd period - Shot Blocked by T.J Brodie.
2:43 of 2nd period - Slapshot by Jonathan Dahlen.
2:43 of 2nd period - Stopped by Felix Sanstrom without a rebound.
2:44 of 2nd period - Josh Norris wins face-off versus Daniel O'regan in Admirals zone.
3:21 of 2nd period - Snap shot by Jason Dickinson.
3:21 of 2nd period - Stopped by Felix Sanstrom without a rebound.
3:22 of 2nd period - Radel Fazleev wins face-off versus Lucas Wallmark in Admirals zone.
3:47 of 2nd period - Joakim Nygard is hit by Ian Mitchell and loses puck.
4:06 of 2nd period - Snap shot by Mark McNeill.
4:06 of 2nd period - Shot Misses the Net.
4:32 of 2nd period - Snap shot by Riley Barber.
4:32 of 2nd period - Shot Misses the Net.
5:31 of 2nd period - Snap shot by Hunter Shinkaruk.
5:31 of 2nd period - Shot Misses the Net.
5:33 of 2nd period - Minor Penalty to Reece Willcox for Tripping.
5:34 of 2nd period - Josh Norris wins face-off versus Daniel O'regan in Little Stars zone.
5:37 of 2nd period - Slapshot by Mark McNeill.
5:37 of 2nd period - Deflect By Hunter Shinkaruk.
5:37 of 2nd period - Stopped by Michael Houser without a rebound.
5:38 of 2nd period - Daniel O'regan wins face-off versus Josh Norris in Little Stars zone.
5:45 of 2nd period - Backhand shot by Hunter Shinkaruk.
5:45 of 2nd period - Shot Blocked by Samuel Girard.
6:03 of 2nd period - Slapshot by T.J Brodie.
6:03 of 2nd period - Stopped by Michael Houser with a rebound.
7:33 of 2nd period - Penalty to Reece Willcox is over, Reece Willcox is back on ice.
7:41 of 2nd period - Tucker Poolman is hit by Milos Kelemen and loses puck.
7:48 of 2nd period - Snap shot by Barrett Hayton.
7:48 of 2nd period - Stopped by Michael Houser with a rebound.
7:50 of 2nd period - Slapshot by Sergei Zborovskiy.
7:50 of 2nd period - Stopped by Michael Houser without a rebound.
7:51 of 2nd period - Lucas Wallmark wins face-off versus Filip Chytil in Little Stars zone.
8:00 of 2nd period - Snap shot by Lucas Wallmark.
8:00 of 2nd period - Shot Misses the Net.
8:16 of 2nd period - Shane Gersich is hit by Barrett Hayton.
9:06 of 2nd period - Wrist shot by Nolan Vesey.
9:06 of 2nd period - Stopped by Michael Houser with a rebound.
9:12 of 2nd period - Gerald Mayhew is hit by Jonathan Dahlen and loses puck.
9:31 of 2nd period - Snap shot by Jason Dickinson.
9:31 of 2nd period - Shot Blocked by Sergei Zborovskiy.
10:23 of 2nd period - Riley Barber is hit by Jonathan Dahlen and loses puck.
10:24 of 2nd period - Riley Barber from Admirals is injured at 10:24 of 2nd period (Strained Right Elbow).
10:25 of 2nd period - Hunter Shinkaruk wins face-off versus Daniel O'regan in Admirals zone.
10:34 of 2nd period - Wrist shot by Mark McNeill.
10:34 of 2nd period - Stopped by Michael Houser with a rebound.
12:13 of 2nd period - Slapshot by T.J Brodie.
12:13 of 2nd period - Stopped by Michael Houser without a rebound.
12:14 of 2nd period - Jason Dickinson wins face-off versus Barrett Hayton in Little Stars zone.
12:21 of 2nd period - Wrist shot by Barrett Hayton.
12:21 of 2nd period - Shot Misses the Net.
12:27 of 2nd period - Slapshot by Anton Gustafsson.
12:27 of 2nd period - Stopped by Michael Houser without a rebound.
12:28 of 2nd period - Daniel O'regan wins face-off versus Josh Norris in Little Stars zone.
12:53 of 2nd period - Anton Gustafsson is hit by Matt Luff and loses puck.
12:58 of 2nd period - Snap shot by Shane Gersich.
12:58 of 2nd period - Shot Blocked by Anton Gustafsson.
13:00 of 2nd period - Snap shot by Matt Luff.
13:00 of 2nd period - Stopped by Felix Sanstrom without a rebound.
13:01 of 2nd period - Pavol Regenda wins face-off versus Daniel O'regan in Admirals zone.
13:01 of 2nd period - Pavol Regenda is hit by Daniel O'regan.
13:17 of 2nd period - Slapshot by Ilya Mikheyev.
13:17 of 2nd period - Shot Misses the Net.
13:28 of 2nd period - Off-side.
13:29 of 2nd period - Josh Norris wins face-off versus Jason Dickinson in neutral zone.
13:34 of 2nd period - Slapshot by Hunter Shinkaruk.
13:34 of 2nd period - Goal by Hunter Shinkaruk - Little Stars : 2 - Admirals : 3.
13:35 of 2nd period - Daniel O'regan wins face-off versus Josh Norris in neutral zone.
13:40 of 2nd period - Snap shot by Mark McNeill.
13:40 of 2nd period - Shot Blocked by Daniel O'regan.
14:31 of 2nd period - Snap shot by Radel Fazleev.
14:31 of 2nd period - Shot Blocked by Lucas Wallmark.
15:35 of 2nd period - Wrist shot by Shane Gersich.
15:35 of 2nd period - Shot Misses the Net.
15:37 of 2nd period - Slapshot by Connor Mackey.
15:37 of 2nd period - Stopped by Felix Sanstrom without a rebound.
15:38 of 2nd period - Anton Gustafsson wins face-off versus Jason Dickinson in Admirals zone.
16:05 of 2nd period - Emile Poirier is hit by Mark McNeill and loses puck.
16:17 of 2nd period - Icing by Justin Auger.
16:18 of 2nd period - Lucas Wallmark wins face-off versus Emile Poirier in Little Stars zone.
17:09 of 2nd period - Snap shot by Jason Dickinson.
17:09 of 2nd period - Stopped by Felix Sanstrom without a rebound.
17:10 of 2nd period - Anton Gustafsson wins face-off versus Jason Dickinson in Admirals zone.
17:10 of 2nd period - Anton Gustafsson is hit by Jason Dickinson.
17:13 of 2nd period - Minor Penalty to Pavol Regenda for Roughing.
17:14 of 2nd period - Lucas Wallmark wins face-off versus Daniel O'regan in Admirals zone.
18:04 of 2nd period - Hunter Shinkaruk is hit by Ilya Mikheyev and loses puck.
19:13 of 2nd period - Penalty to Pavol Regenda is over, Pavol Regenda is back on ice.
19:26 of 2nd period - Snap shot by Radel Fazleev.
19:26 of 2nd period - Stopped by Felix Sanstrom without a rebound.
19:27 of 2nd period - Barrett Hayton wins face-off versus Radel Fazleev in Admirals zone.
19:42 of 2nd period - Anton Gustafsson is hit by Radel Fazleev and loses puck.
19:53 of 2nd period - Jonathan Dahlen is hit by Hunter Shinkaruk and loses puck.
19:54 of 2nd period - Jonathan Dahlen from Little Stars is injured at 19:54 of 2nd period (Bruised Left Shoulder).
19:55 of 2nd period - Daniel O'regan wins face-off versus Josh Norris in Little Stars zone.
19:55 of 2nd period - Daniel O'regan is hit by Josh Norris.
Goals for this period are 0 for Little Stars vs 1 for Admirals.
Shots for this period are 9 for Little Stars vs 12 for Admirals.
3rd period
0:01 of 3rd period - Daniel O'regan wins face-off versus Josh Norris in neutral zone.
0:08 of 3rd period - Snap shot by Joakim Nygard.
0:08 of 3rd period - Shot Misses the Net.
0:10 of 3rd period - Wrist shot by Daniel O'regan.
0:10 of 3rd period - Shot Misses the Net.
0:12 of 3rd period - Slapshot by Reece Willcox.
0:12 of 3rd period - Deflect By Daniel O'regan.
0:12 of 3rd period - Shot Misses the Net.
0:12 of 3rd period - Puck is out of play.
0:13 of 3rd period - Mark McNeill wins face-off versus Daniel O'regan in Admirals zone.
0:57 of 3rd period - Snap shot by Nolan Vesey.
0:57 of 3rd period - Shot Blocked by Samuel Girard.
1:21 of 3rd period - Slapshot by Ian Mitchell.
1:21 of 3rd period - Shot Blocked by Ville Pokka.
1:35 of 3rd period - Hunter Shinkaruk is hit by Daniel O'regan and loses puck.
1:51 of 3rd period - Minor Penalty to Jason Dickinson for Holding.
1:52 of 3rd period - Daniel O'regan wins face-off versus Hunter Shinkaruk in Little Stars zone.
1:54 of 3rd period - Slapshot by Hunter Shinkaruk.
1:54 of 3rd period - Shot Misses the Net.
1:56 of 3rd period - Slapshot by T.J Brodie.
1:56 of 3rd period - Shot Misses the Net.
1:58 of 3rd period - Wrist shot by Hunter Shinkaruk.
1:58 of 3rd period - Stopped by Michael Houser with a rebound.
2:00 of 3rd period - Snap shot by Hunter Shinkaruk.
2:00 of 3rd period - Stopped by Michael Houser with a rebound.
2:02 of 3rd period - Slapshot by Olli Juolevi.
2:02 of 3rd period - Shot Blocked by Reece Willcox.
2:04 of 3rd period - Wrist shot by Olli Juolevi.
2:04 of 3rd period - Shot Blocked by Reece Willcox.
2:06 of 3rd period - Slapshot by Olli Juolevi.
2:06 of 3rd period - Shot Blocked by Reece Willcox.
2:24 of 3rd period - Daniel O'regan is hit by Anton Gustafsson and loses puck.
3:47 of 3rd period - T.J Brodie is hit by Shane Gersich and loses puck.
3:51 of 3rd period - Penalty to Jason Dickinson is over, Jason Dickinson is back on ice.
3:58 of 3rd period - Christian Djoos is hit by Jason Dickinson and loses puck.
4:19 of 3rd period - Filip Chytil is hit by Nolan Vesey and loses puck.
5:47 of 3rd period - Reilly Walsh is hit by Joakim Nygard and loses puck.
6:52 of 3rd period - Ian Mitchell is hit by Ilya Mikheyev and loses puck.
7:03 of 3rd period - Reece Willcox is hit by Ian Mitchell and loses puck.
7:16 of 3rd period - Josh Norris is hit by Justin Auger and loses puck.
7:48 of 3rd period - Off-side.
7:49 of 3rd period - Daniel O'regan wins face-off versus Josh Norris in neutral zone.
7:52 of 3rd period - Josh Norris is hit by Daniel O'regan and loses puck.
8:10 of 3rd period - Wrist shot by Kasper Bjorkqvist.
8:10 of 3rd period - Stopped by Michael Houser without a rebound.
8:11 of 3rd period - Anton Gustafsson wins face-off versus Justin Auger in Little Stars zone.
8:14 of 3rd period - Slapshot by Anton Gustafsson.
8:14 of 3rd period - Shot Misses the Net.
8:38 of 3rd period - Snap shot by Daniel O'regan.
8:38 of 3rd period - Stopped by Felix Sanstrom without a rebound.
8:39 of 3rd period - Lucas Wallmark wins face-off versus Daniel O'regan in Admirals zone.
8:50 of 3rd period - Slapshot by Ian Mitchell.
8:50 of 3rd period - Shot Blocked by Tucker Poolman.
9:09 of 3rd period - Wrist shot by Joakim Nygard.
9:09 of 3rd period - Shot Misses the Net.
9:17 of 3rd period - Wrist shot by Joakim Nygard.
9:17 of 3rd period - Shot Misses the Net.
9:19 of 3rd period - Snap shot by Daniel O'regan.
9:19 of 3rd period - Stopped by Felix Sanstrom with a rebound.
9:37 of 3rd period - Ville Pokka is hit by Anton Gustafsson.
9:41 of 3rd period - Kasper Bjorkqvist is hit by Daniel O'regan and loses puck.
9:52 of 3rd period - Wrist shot by Kasper Bjorkqvist.
9:52 of 3rd period - Shot Blocked by Ville Pokka.
9:54 of 3rd period - Slapshot by Reilly Walsh.
9:54 of 3rd period - Stopped by Michael Houser without a rebound.
9:55 of 3rd period - Josh Norris wins face-off versus Jason Dickinson in Little Stars zone.
10:02 of 3rd period - Wrist shot by Olli Juolevi.
10:02 of 3rd period - Stopped by Michael Houser with a rebound.
10:04 of 3rd period - Wrist shot by Josh Norris.
10:04 of 3rd period - Stopped by Michael Houser with a rebound.
10:06 of 3rd period - Wrist shot by Mark McNeill.
10:06 of 3rd period - Stopped by Michael Houser with a rebound.
10:20 of 3rd period - Gerald Mayhew is hit by Collin Miller and loses puck.
10:46 of 3rd period - Mark McNeill is hit by Cal Burke and loses puck.
11:43 of 3rd period - Matt Luff is hit by Lucas Wallmark and loses puck.
12:02 of 3rd period - Ian Mitchell is hit by Emile Poirier and loses puck.
12:13 of 3rd period - Tucker Poolman is hit by Hunter Shinkaruk.
12:48 of 3rd period - Mattias Backman is hit by Jason Dickinson and loses puck.
14:01 of 3rd period - Icing by Olli Juolevi.
14:02 of 3rd period - Josh Norris wins face-off versus Jason Dickinson in Admirals zone.
14:51 of 3rd period - Tucker Poolman is hit by Hunter Shinkaruk and loses puck.
15:22 of 3rd period - Ian Mitchell is hit by Ilya Mikheyev and loses puck.
15:26 of 3rd period - Icing by Ian Mitchell.
15:27 of 3rd period - Daniel O'regan wins face-off versus Anton Gustafsson in Admirals zone.
15:43 of 3rd period - Off-side.
15:44 of 3rd period - Radel Fazleev wins face-off versus Lucas Wallmark in neutral zone.
15:51 of 3rd period - Slapshot by Radel Fazleev.
15:51 of 3rd period - Stopped by Felix Sanstrom with a rebound.
15:57 of 3rd period - Slapshot by Olli Juolevi.
15:57 of 3rd period - Shot Blocked by Collin Miller.
16:36 of 3rd period - Ilya Mikheyev is hit by Barrett Hayton and loses puck.
17:20 of 3rd period - Snap shot by Ilya Mikheyev.
17:20 of 3rd period - Stopped by Felix Sanstrom with a rebound.
17:22 of 3rd period - Slapshot by Ville Pokka.
17:22 of 3rd period - Shot Blocked by Sergei Zborovskiy.
18:51 of 3rd period - Little Stars, Michael Houser is pulled from the net.
18:55 of 3rd period - Slapshot by Joakim Nygard.
18:55 of 3rd period - Shot Misses the Net.
18:57 of 3rd period - Wrist shot by Daniel O'regan.
18:57 of 3rd period - Stopped by Felix Sanstrom with a rebound.
18:59 of 3rd period - Snap shot by Tucker Poolman.
18:59 of 3rd period - Stopped by Felix Sanstrom without a rebound.
19:00 of 3rd period - Mike Yeo call a timeout for Little Stars.
19:00 of 3rd period - Mark McNeill wins face-off versus Daniel O'regan in Admirals zone.
19:15 of 3rd period - Minor Penalty to Reece Willcox for Interference.
19:16 of 3rd period - Michael Houser from Little Stars was sent back in the game.
19:16 of 3rd period - Josh Norris wins face-off versus Daniel O'regan in Little Stars zone.
19:17 of 3rd period - Snap shot by Mark McNeill.
19:17 of 3rd period - Shot Misses the Net.
Goals for this period are 0 for Little Stars vs 0 for Admirals.
Shots for this period are 6 for Little Stars vs 7 for Admirals.